 Dungeon Crawl Stone Soup version 0.25.0-46-gbd7b0854d2 (webtiles) character file.

Game seed: 11124265855800724590

58 Milting the Sneak (level 3, -3/18 HPs)
             Began as a Spriggan Assassin on July 12, 2020.
             Slain by a worm (12 damage)
             ... on level 2 of the Dungeon.
             The game lasted 00:08:03 (1734 turns).

Milting the Sneak (Spriggan Assassin)               Turns: 1734, Time: 00:08:04

Health: -3/18      AC:  3    Str: 13    XL:     3   Next: 75%
Magic:  4/4        EV: 18    Int: 12    God:
Gold:   40         SH:  5    Dex: 18    Spells: 2/2 levels left

rFire    . . .     SeeInvis +   a - +2 dagger
rCold    . . .     Gourm    .   (shield restricted)
rNeg     . . .     Faith    .   b - +0 robe
rPois    .         Spirit   .   (helmet restricted)
rElec    .         Reflect  +   c - +0 cloak
rCorr    .         Harm     .   (gloves unavailable)
MR       .....                  (boots unavailable)
Stlth    ++++......             m - amulet of reflection
HPRegen  0.06/turn              n - +6 ring of strength
MPRegen  0.09/turn              (no ring)

@: very quick
A: very small, unfitting armour, see invisible, herbivore, speed 3, slow
metabolism 2
a: no special abilities


You were on level 2 of the Dungeon.
You were not hungry.

You visited 1 branch of the dungeon, and saw 2 of its levels.

You collected 40 gold pieces.

Inventory:

Hand Weapons
 a - a +2 dagger (weapon)
Missiles
 d - 8 poisoned darts
 e - 2 curare-tipped darts
 k - 10 stones (quivered)
Armour
 b - a +0 robe (worn)
 c - a +0 cloak (worn)
Jewellery
 m - an amulet of reflection (around neck)
 n - a +6 ring of strength (left hand)
Scrolls
 g - a scroll of remove curse {unknown}
 h - a scroll of identify {unknown}
 i - a scroll of enchant armour {unknown}
 j - a scroll of noise {unknown}
Potions
 l - a potion of invisibility {unknown}
 o - a potion of lignification {unknown}
Comestibles
 f - 4 rations


   Skills:
 + Level 2.1 Fighting
 + Level 2.8 Short Blades
 - Level 2.0 Throwing
 + Level 2.7 Dodging
 * Level 6.9 Stealth


You had 2 spell levels left.
You didn't know any spells.
Your spell library was empty.

Dungeon Overview and Level Annotations

Branches:
Dungeon (2/15)

Altars:
Okawaru

Annotations:
D:2 Natasha


Innate Abilities, Weirdness & Mutations

You are very small and have problems with some larger weapons.
You are too small for most types of armour.
You have supernaturally acute eyesight. (SInv)
You are a herbivore.
You cover ground extremely quickly.
You need to consume almost no food.


Message History

The worm is lightly wounded.
The worm closely misses you.
You hit the worm.
The worm is moderately wounded.
You hit the worm.
The worm is heavily wounded.
The worm bites you!
Ouch! That really hurt!
You hit the worm.
The worm is heavily wounded.
You hit the worm.
The worm is severely wounded.
The worm barely misses you.
You hit the worm.
The worm is almost dead.
You hit the worm but do no damage.
The worm is almost dead.
The worm bites you!
Ouch! That really hurt!
You die...

##### ...# ##
#.################ ...
#.w@.............#
....###.##############.#
........# #.# ........#
#.# .....#..# #.#
..#.##.†# #.# #.......#
#.# ..###...# #.# .#
#...# #.###


You could see a worm.

Vanquished Creatures
  A worm (D:2)
  3 leopard geckos (D:1)
  6 bats
  4 giant cockroaches (D:1)
  12 goblins
  A hobgoblin (D:1)
  4 jackals (D:1)
  6 kobolds
  7 frilled lizards
  6 rats (D:1)
50 creatures vanquished.

Notes
Turn   | Place    | Note
-------+----------+-------------------------------------------
     0 | D:1      | Milting the Spriggan Assassin began the quest for the Orb.
     0 | D:1      | Reached XP level 1. HP: 10/10 MP: 2/2
    29 | D:1      | Reached skill level 6 in Stealth
    97 | D:1      | Reached XP level 2. HP: 15/15 MP: 3/3
   651 | D:1      | Reached XP level 3. HP: 17/18 MP: 4/4
  1636 | D:2      | Found an iron altar of Okawaru.
  1708 | D:2      | Noticed Natasha
  1734 | D:2      | Slain by a worm

Illustrated notes

Levels and vault maps discovered:
D:1:      dpeg_arrival_subterranean_lakeside_camping, layout_basic,
          kennysheep_pointless_box, minmay_tetromino_l2
D:2:      layout_loops_ring, chequers_temple_overflow_statue_of_worship,
          okawaru_ov_weapons_minmay, uniq_natasha, uniq_robin

Skill      XL: |  1  2  3 |
---------------+----------+-----
Stealth        | 6 |  6.9
Dodging        | 2 |  2.7
Fighting       | 2 |  2.1
Short Blades   | |  2.8
Throwing       | |  2.0

Action                   || total
-------------------------++-------
Melee: Dagger            ||   143
Throw: Stone             ||     1
 Stab: Sleeping          ||    17
       Distracted        ||     1
Armor: Robe              ||    17
Dodge: Dodged            ||    98
Block: Other             ||     5
       Reflection        ||     1
